 Dungeon Crawl Stone Soup version 0.28-a0-1435-g82390b3a13 (webtiles) character file.

Game seed: 6595034240770508944

9 Lekart the Skirmisher (level 2, 0/26 HPs)
             Began as a Draconian Fighter on Jan 9, 2022.
             Was a Follower of Fedhas.
             Succumbed to an adder's poison
             ... on level 2 of the Dungeon.
             The game lasted 00:01:06 (550 turns).

Lekart the Skirmisher (Draconian Fighter)            Turns: 550, Time: 00:01:07

Health: 0/26       AC:  4    Str: 18    XL:     2   Next: 3%
Magic:  2/2        EV: 12    Int:  8    God:    Fedhas [*.....]
Gold:   46         SH:  4    Dex: 10    Spells: 1/1 levels left

rFire   . . .      SeeInvis .   a - +0 long sword
rCold   . . .      Faith    .   b - +0 buckler
rNeg    . . .      Spirit   .   (armour unavailable)
rPois   .          Reflect  .   (helmet restricted)
rElec   .          Harm     .   (no cloak)
rCorr   .          Rampage  .   (no gloves)
Will    .....                   (no boots)
Stlth   +.........              (no amulet)
HPRegen 0.08/turn               (no ring)
MPRegen 0.08/turn               (no ring)

@: mighty, lethally poisoned (0 -> -2)
A: AC +4, unfitting armour, cold-blooded
a: Renounce Religion


You were on level 2 of the Dungeon.
You worshipped Fedhas.
Fedhas was aware of your devotion.
You visited 1 branch of the dungeon, and saw 2 of its levels.

You collected 46 gold pieces.

Inventory:

Hand Weapons
 a - a +0 long sword (weapon)
Armour
 b - a +0 buckler (worn)
Scrolls
 d - a scroll of amnesia {unknown}
 e - a scroll of teleportation {unknown}
 g - a scroll of enchant armour {unknown}
Potions
 f - a potion of haste {unknown}


   Skills:
 * Level 3.6 Fighting
 + Level 2.0 Long Blades
 + Level 2.8 Dodging
 + Level 3.1 Shields


You had one spell level left.
You didn't know any spells.
Your spell library was empty.

Dungeon Overview and Level Annotations

Branches:
Dungeon (2/15)

Altars:
Fedhas


Innate Abilities, Weirdness & Mutations

Your plain brown scales are hard. (AC +4)
You cannot fit into any form of body armour.
You are cold-blooded and may be slowed by cold attacks.


Message History

The ball python barely misses you.
You closely miss the adder.
You feel sick.
A bat comes into view.
The adder closely misses you. The ball python closely misses you.
The ball python grabs you. The ball python constricts you.
The adder bites you but does no damage. The ball python bites you.
The ball python constricts you.
The bat moves out of view.
You closely miss the ball python.
You feel sick. You block the adder's attack.
The ball python closely misses you. The ball python constricts you.
You are too injured to fight recklessly!
You are too injured to fight recklessly!
You barely miss the ball python.
You feel sick. The adder bites you but does no damage.
The ball python bites you but does no damage.
The ball python constricts you. You block the adder's attack.
You block the ball python's attack. The ball python constricts you.
You slash the ball python!
You kill the ball python!
Fedhas appreciates your contribution to the ecosystem.
You feel sick.
You are no longer poisoned.
The adder bites you.
* * * LOW HITPOINT WARNING * * *
The adder bites you.
* * * LOW HITPOINT WARNING * * *
The adder bites you.
* * * LOW HITPOINT WARNING * * *
You see here a ball python corpse.
You feel very mighty all of a sudden. The adder bites you but does no damage.
The bat hits you but does no damage. The adder bites you.
* * * LOW HITPOINT WARNING * * *
You are lethally poisoned!
The adder poisons you!
You completely miss the adder. You tail-slap the adder!
The adder is severely wounded.
* * * LOW HITPOINT WARNING * * *
You feel sick. The bat closely misses you. You block the adder's attack.
You die...
Fedhas appreciates your contribution to the ecosystem.

.......+ #.# ........+
#.# .......##. #.#
###..!... ..#####.#
#......# ........# #
+......# .......<#
.##.#......# ........##
?.....b†...# ..........
......S@...# #..........
.....##...## #..........
.....##...####........##
.## #.................#
#...................##
#.....................
......................
......................
.##...................


You could see an adder and a bat.

Vanquished Creatures
  A dart slug (D:1)
  A goblin (D:1)
  3 kobolds (D:1)
  A ball python (D:2)
  2 frilled lizards (D:1)
8 creatures vanquished.

Notes
Turn   | Place    | Note
-------+----------+-------------------------------------------
     0 | D:1      | Lekart the Draconian Fighter began the quest for the Orb.
     0 | D:1      | Reached XP level 1. HP: 19/19 MP: 1/1
   192 | D:1      | Reached XP level 2. HP: 20/26 MP: 2/2
   277 | D:1      | Found a faded altar of an unknown god.
   480 | D:1      | Prayed at the altar of an unknown god.
   480 | D:1      | Became a worshipper of Fedhas Madash
   480 | D:1      | Reached * piety under Fedhas
   549 | D:2      | HP: 1/26 [poisoned by an adder]
   550 | D:2      | Succumbed to an adder's poison

Illustrated notes

Levels and vault maps discovered:
D:1:      lemuel_arrival_behind_the_door_large, layout_rooms,
          dreamdust_ecumenical_altar_statues
D:2:      layout_basic

Action                   || total
-------------------------++-------
Melee: Long sword        ||    21
       Tailslap          ||     1
  Use: Potion            ||     1
Armor: Skin              ||     8
Dodge: Dodged            ||    20
Block: Buckler           ||     6

Table legend: (Time is in decaauts)
 A = Elapsed time spent in this place.
 B = Non-inter-level travel time spent in this place.
 C = Inter-level travel time spent in this place.
 D = Time resting spent in this place.
 E = Time spent auto-exploring this place.
 F = Levels seen in this place.
 G = Mean time per level.
                   A        B        C        D        E       F      G
               +--------+--------+--------+--------+--------+-----+--------+
         Total |    556 |    543 |     13 |      0 |    462 |   2 |  278.0 |
       Dungeon |    556 |    543 |     13 |      0 |    462 |   2 |  278.0 |
               +--------+--------+--------+--------+--------+-----+--------+

Top non-repeatable levels by time:
     D:1: 498 daAuts
     D:2: 58 daAuts
